 Dungeon Crawl Stone Soup version 0.24.0-13-gcf9b319 (webtiles) character file.

Game seed: 12026642295271936896, levelgen mode: deterministic

119 shmeve the Skirmisher (level 4, 0/41 HPs)
             Began as a Minotaur Berserker on Apr 9, 2020.
             Was a Believer of Trog.
             Slain by a gnoll
             ... wielding a +0 spear
              (6 damage)
             ... on level 3 of the Dungeon.
             The game lasted 00:02:18 (2597 turns).

shmeve the Skirmisher (Minotaur Berserker)          Turns: 2597, Time: 00:02:18

Health: 0/41       AC:  2    Str: 22    XL:     4   Next: 73%
Magic:  3/3        EV: 12    Int:  4    God:    Trog [**....]
Gold:   99         SH:  0    Dex: 10    Spells: 3/3 levels left

rFire    . . .     SeeInvis .   a - +0 hand axe
rCold    . . .     Gourm    .   (no shield)
rNeg     . . .     Faith    .   b - +0 animal skin
rPois    .         Spirit   .   (helmet restricted)
rElec    .         Reflect  .   (no cloak)
rCorr    .         Harm     .   (no gloves)
MR       .....                  (no boots)
Stlth    +.........             (no amulet)
HPRegen  0.13/turn              (no ring)
MPRegen  0.08/turn              (no ring)

@: no status effects
A: retaliatory headbutt, horns 2
a: Berserk, Trog's Hand, Renounce Religion


You were on level 3 of the Dungeon.
You worshipped Trog.
Trog was pleased with you.
You were not hungry.

You visited 1 branch of the dungeon, and saw 3 of its levels.

You collected 99 gold pieces.

Inventory:

Hand Weapons
 a - a +0 hand axe (weapon)
Armour
 b - a +0 animal skin (worn)
Scrolls
 d - a scroll of enchant weapon {unknown}
 e - a scroll of teleportation {unknown}
 f - a scroll of enchant armour {unknown}
 g - 2 scrolls of identify {unknown}
 i - a scroll of magic mapping {unknown}
 j - a scroll of fog {unknown}
 k - a scroll of remove curse {unknown}
 m - 2 scrolls of amnesia {unknown}
Potions
 h - 2 potions of haste {unknown}
 l - 2 potions of curing {unknown}
 n - a potion of flight {unknown}
 p - a potion of might {unknown}
Comestibles
 c - 7 rations


   Skills:
 * Level 4.7 Fighting
 * Level 4.7 Axes
 + Level 1.3 Throwing
 + Level 3.2 Armour
 + Level 2.8 Dodging


You had 3 spell levels left.
You didn't know any spells.
Your spell library was empty.

Dungeon Overview and Level Annotations

Branches:
Dungeon (3/15)

Altars:
Ashenzari
Cheibriados
Hepliaklqana
Wu Jian


Innate Abilities, Weirdness & Mutations

You reflexively headbutt those who attack you in melee.
You have a pair of horns on your head.


Message History

Trog accepts your kill.
You closely miss the gnoll. The gnoll hits you with a +0 whip.
You closely miss the gnoll. The gnoll hits you with a +0 whip!
You hit the gnoll.
The gnoll is lightly wounded.
The gnoll hits you with a +0 whip.
You hit the gnoll but do no damage.
The gnoll is lightly wounded.
The gnoll barely misses you. You furiously retaliate!
You headbutt the gnoll. The gnoll hits you with a +0 whip.
* * * LOW HITPOINT WARNING * * *
You hit the gnoll. You headbutt the gnoll.
You kill the gnoll!
Trog accepts your kill.
You hit the gnoll. You headbutt the gnoll.
The gnoll is moderately wounded.
The gnoll hits you.
* * * LOW HITPOINT WARNING * * *
The gnoll hits you from afar with a +0 spear.
You die...

.......##......##
#.#<#.#.#.#.##
##.#....##.##.#
#.............#
#..........##.##.#
##.#..........#..#
# #...........#.#
#....>.....##.#
#.##....##.##@#
... .....##.##g#
##.##....# ..#g#
... ..$ .....
.#.#. %...#.#


You could see 2 gnolls.

Vanquished Creatures
  5 gnolls
  An adder (D:2)
  An ooze (D:2)
  2 worms (D:2)
  6 leopard geckos
  4 bats
  3 giant cockroaches (D:1)
  4 goblins
  7 hobgoblins
  2 jackals (D:1)
  6 kobolds
  A quokka (D:2)
  A frilled lizard (D:1)
  3 rats (D:2)
46 creatures vanquished.

Notes
Turn   | Place    | Note
-------+----------+-------------------------------------------
     0 | D:1      | shmeve the Minotaur Berserker began the quest for the Orb.
     0 | D:1      | Reached XP level 1. HP: 19/19 MP: 0/0
   140 | D:1      | Reached XP level 2. HP: 27/27 MP: 1/1
   864 | D:1      | Reached XP level 3. HP: 33/33 MP: 2/2
  1290 | D:2      | Reached skill level 1 in Throwing
  1292 | D:2      | Reached XP level 4. HP: 18/41 MP: 3/3
  1824 | D:2      | Found an ornate altar of the Wu Jian Council.
  2092 | D:2      | Found a snail-covered altar of Cheibriados.
  2093 | D:2      | Found a shattered altar of Ashenzari.
  2093 | D:2      | Found a hazy altar of Hepliaklqana.
  2227 | D:2      | Reached ** piety under Trog
  2597 | D:3      | Slain by a gnoll

Levels and vault maps discovered:
D:1:      lightli_arrival_maybe_door_vault, layout_basic,
          minmay_misc_feat_pillars
D:2:      layout_basic, chequers_temple_overflow_statue_of_worship,
          old_standard_altar
D:3:      layout_loops_ring, first_ration, nicolae_gozag_zags_fifth_avenue

Skill      XL: |  1  2  3 |
---------------+----------+-----
Fighting       | 4 |  4.7
Axes           | 4 |  4.7
Throwing       | 1 |  1.3
Armour         | 3 |  3.2
Dodging        | |  2.8

Action                   |  1- 3 |  4- 6 || total
-------------------------+-------+-------++-------
Melee: Hand axe          |    56 |    41 ||    97
       Headbutt          |     4 |    11 ||    15
Invok: Berserk           |     1 |       ||     1
 Stab: Sleeping          |       |     1 ||     1
  Eat: Chunk             |     1 |     5 ||     6
Armor: Animal skin       |    10 |     3 ||    13
Dodge: Dodged            |    39 |    27 ||    66
